 Dungeon Crawl Stone Soup version 0.30-a0-359-gd0147acb1a (webtiles) character file.

Game seed: 687801678770744193

4294 arthad the Magician (level 10, -2/100 (111) HPs)
             Began as a Gnoll Earth Elementalist on Nov 12, 2022.
             Was an Elder of Okawaru.
             Slain by Grum
             ... wielding a +0 halberd
              (11 damage)
             ... on level 8 of the Dungeon.
             The game lasted 00:30:35 (7025 turns).

arthad the Magician (Gnoll Earth Elementalist)      Turns: 7025, Time: 00:30:36

HP:   -2/100 (111)  AC: 25    Str:  7    XL:     10   Next: 32%
MP:   27/30         EV:  2    Int: 19    God:    Okawaru [****..]
Gold: 30            SH:  0    Dex: 19    Spells: 3/23 levels left

rFire   . . .      SeeInvis .    y - +2 quarterstaff (chaos)
rCold   . . .      Faith    .    (shield currently unavailable)
rNeg    . . .      Spirit   .    (body armour currently unavailable)
rPois   +          Reflect  .    (helmet currently unavailable)
rElec   .          Harm     .    (cloak currently unavailable)
rCorr   .          Rampage  .    (gloves currently unavailable)
Will    .....      NoTele   +    (boots currently unavailable)
Stlth   ++++......               (no amulet)
HPRegen 0.36/turn                d - ring of magical power
MPRegen 0.22/turn                H - +6 ring of dexterity

@: tree-form, on berserk cooldown, slowed, drained, very slow
A: stationary, stasis, torment immunity, boosted hp, (fangs 1), strong nose,
distributed training
a: Renounce Religion, Heroism, Finesse


You were on level 8 of the Dungeon.
You worshipped Okawaru.
Okawaru was greatly pleased with you.
You were a tree.
You visited 2 branches of the dungeon, and saw 9 of its levels.

You collected 30 gold pieces.

Inventory:

Hand Weapons
 y - a +2 quarterstaff of chaos (weapon)
 A - a +0 whip of freezing
 M - a +3 morningstar
 U - the +6 mace of Madegg {flame, Str+6 Int-3}
   (You found it on level 7 of the Dungeon)

   It burns those it strikes, dealing additional fire damage.
   Str:       It affects your strength (+6).
   Int:       It affects your intelligence (-3).
Missiles
 u - 7 poisoned darts
 v - a throwing net
 F - 11 boomerangs
Armour
 a - a +2 ring mail of positive energy
 r - +1 acid dragon scales (melded)
 s - a +0 helmet (melded)
 C - a +1 cloak (melded)
 S - a +0 kite shield
 W - the +4 ring mail "Edoiloxa" {rN+}
   (You found it on level 8 of the Dungeon)

   rN:        It protects you from negative energy.
 Y - an orb of guile
Jewellery
 c - a ring of willpower
 d - a ring of magical power (left branch)
 D - a ring of ice
 H - a +6 ring of dexterity (right branch)
 I - a ring of magical power
 J - a ring of fire
 L - a ring of see invisible
 N - a +6 ring of dexterity
 T - a +4 ring of evasion
Wands
 g - a wand of flame (17)
 z - a wand of mindburst (7)
 O - a wand of paralysis (10)
 P - a wand of polymorph (11)
Scrolls
 e - 2 scrolls of identify
 h - 2 scrolls of blinking
 i - 3 scrolls of immolation
 l - 5 scrolls of teleportation
 n - 3 scrolls of noise
 p - a scroll of poison
 q - a scroll of enchant armour
 t - a scroll of amnesia
 x - a scroll of silence
 Q - a scroll of fear
 V - a scroll of magic mapping
 X - a scroll of brand weapon
 Z - 3 scrolls of vulnerability
Potions
 b - 2 potions of magic
 k - a potion of flight {unknown}
 m - a potion of cancellation
 o - 2 potions of invisibility
 w - a potion of brilliance {unknown}
 B - a potion of heal wounds {unknown}
 E - a potion of haste {unknown}
 G - a potion of lignification
 K - a potion of might {unknown}
 R - a potion of berserk rage


   Skills:
 + Level 5.3 Fighting
 + Level 5.3 Short Blades
 + Level 5.3 Long Blades
 + Level 5.3 Axes
 + Level 5.3 Maces & Flails
 + Level 5.3 Polearms
 + Level 5.3 Staves
 + Level 5.3 Ranged Weapons
 + Level 5.3 Throwing
 + Level 5.3 Armour
 + Level 7.1 Dodging
 + Level 6.9 Stealth
 + Level 5.3 Shields
 + Level 5.3 Unarmed Combat
 + Level 7.4 Spellcasting
 + Level 4.4 Conjurations
 + Level 4.4 Hexes
 + Level 4.4 Summonings
 + Level 4.4 Necromancy
 + Level 4.4 Translocations
 + Level 5.0 Transmutations
 + Level 4.4 Fire Magic
 + Level 4.4 Ice Magic
 + Level 4.4 Air Magic
 + Level 7.1 Earth Magic
 + Level 4.4 Poison Magic
 + Level 5.9 Invocations
 + Level 5.3 Evocations


You had 3 spell levels left.
You knew the following spells:

 Your Spells              Type           Power      Damage    Failure   Level
a - Sandblast             Erth           68%        2d15      1%          1
b - Stone Arrow           Conj/Erth      58%        3d10      2%          3
c - Passwall              Tmut/Erth      25%        N/A       1%          2
d - Mephitic Cloud        Conj/Pois/Air  23%        N/A       4%          3
e - Magic Dart            Conj           92%        1d7       1%          1
f - Ignite Poison         Fire/Tmut/Pois 24%        N/A       4%          3
g - Petrify               Tmut/Erth      30%        N/A       8%          4
h - Spider Form           Tmut/Pois      25%        N/A       4%          3

Your spell library contained the following spells:

 Spells                   Type           Power      Damage    Failure   Level
 Ensorcelled Hibernation  Hex/Ice        46%        N/A       2%          2
 Anguish                  Hex/Necr       11%        N/A       16%         4
 Sticky Flame             Conj/Fire      23%        2d4       16%         4
 Ignition                 Fire           11%        3d5       100%        8
 Summon Small Mammal      Summ           Unusable   N/A       N/A         1
 Call Imp                 Summ           Unusable   N/A       N/A         2
 Call Canine Familiar     Summ           Unusable   N/A       N/A         3
 Summon Guardian Golem    Hex/Summ       Unusable   N/A       N/A         3
 Animate Dead             Necr           Unusable   N/A       N/A         4
 Haunt                    Necr/Summ      Unusable   N/A       N/A         7
 Infestation              Necr           Unusable   N/A       N/A         8

Dungeon Overview and Level Annotations

Branches:
Dungeon (8/15)             Temple (1/1) D:4
   Lair: D:8-11

Altars:
Ashenzari
Cheibriados
Dithmenos
Elyvilon
Fedhas
Gozag
Hepliaklqana
Kikubaaqudgha
Makhleb
Nemelex Xobeh
Okawaru
Qazlal
Ru
Sif Muna
Trog
Uskayaw
Vehumet
Wu Jian
Xom

Shops:
D:6 *

Annotations:
D:8 Grum, Maurice


Innate Abilities, Weirdness & Mutations

You are a tree.
Your roots penetrate the ground, keeping you stationary.
You cannot be teleported.
You are immune to unholy pain and torment.
Your maximum health is greatly increased.
Your equipment is partially melded.
((You have very sharp teeth.))
Your uncanny sense of smell can sniff out nearby items.
Your experience applies equally to all skills.


Message History

A red film seems to cover your vision as you go berserk!
You feel yourself moving faster!
You feel mighty!
A stone appears from out of thin air!
The stone hits you but does no damage.
You are constricted.
You are too berserk!
You are too berserk!
Okay, then.
You are too berserk!
You are too berserk!
Okay, then.
You are too berserk!
You are too berserk!
You are too berserk!
You feel a strong urge to attack something.
You are constricted.
* * * LOW HITPOINT WARNING * * *
Okay, then.
You are too berserk!
The grasping roots release their grip on you.
You feel your anger nearly subside.
You are no longer berserk.
You are exhausted.
You feel yourself slow down. Something hits you but does no damage.
You feel drained. Grum hits you but does no damage.
Magic courses through your body. Something hits you!
* * * LOW HITPOINT WARNING * * *
Something steals 366 gold pieces!
You now have 30 gold pieces.
You feel drained.
* * * LOW HITPOINT WARNING * * *
Grum hits you but does no damage. Something hits you.
* * * LOW HITPOINT WARNING * * *
Something steals your scroll of fog!
You feel drained.
* * * LOW HITPOINT WARNING * * *
Unknown command.
Unknown command.
Okay, then.
Okay, then.
It was a potion of curing.
You feel better.
You feel like a meek peon again.
Grum hits you from afar with a +0 halberd!
You die...

#..##...).....#.# ..# #
)........○§§§○..# ##§#§ ..
#.##.....§☼§§§### ☼§§○ ○.
.........§§°§§☼# ☼#☼#☼#∆
...#.......§§☼§###§.§☼§#
...#.....§○.☼○☼§§○§o§#
.........☼§°§#○§§○g○.#
.#.......☼○○§§○§§☼##.#
##.....)).....##♣## ..
#...#.)###..##○##########
####.#.......☼☼°§§§......#
......#.#..§○°☼§§#######.#
..#####...##§#§§§.....<#
......)>.###§#○☼.....###
.......)####.#§○.....#
......)....#.#§§.#...#
.#..#.)......#..........


You could see Grum and an orc.

Vanquished Creatures
  Pikel (D:4)
  Prince Ribbit (D:8)
  Grinder (D:6)
  Sigmund (D:4)
  Eustachio (D:6)
  A steam dragon (D:7)
  Menkaure (D:4)
  Edmund (D:4)
  A water moccasin (D:8)
  An orc warrior (D:8)
  An ice beast (D:7)
  2 black bears (D:5)
  2 ogres
  2 wolves (D:8)
  A centaur (D:7)
  A phantom (D:5)
  A necrophage (D:6)
  A scorpion (D:6)
  15 wights
  2 howler monkeys
  3 orc priests
  A jelly (D:6)
  2 hounds (D:6)
  Crazy Yiuf (D:4)
  9 orc wizards
  4 iguanas
  Robin (D:2)
  10 adders
  6 gnolls (D:4)
  2 shadow imps (D:6)
  2 white imps
  An ufetubus (D:4)
  A worm (D:3)
  2 dart slugs
  18 orcs
  10 ball pythons
  7 endoplasms
  4 giant cockroaches
  11 hobgoblins
  6 jackals
  4 bats
  17 goblins
  8 kobolds
  8 rats
176 creatures vanquished.

Notes
Turn   | Place    | Note
-------+----------+-------------------------------------------
     0 | D:1      | arthad the Gnoll Earth Elementalist began the quest for the
                  | Orb.
     0 | D:1      | Reached XP level 1. HP: 13/13 MP: 6/6
   133 | D:1      | Reached XP level 2. HP: 19/19 MP: 7/7
   401 | D:1      | Reached skill level 5 in Spellcasting
   401 | D:1      | Reached XP level 3. HP: 25/25 MP: 9/9
   653 | D:2      | Reached skill level 1 in Invocations
   717 | D:2      | Learned a level 3 spell: Stone Arrow
   720 | D:2      | Learned a level 2 spell: Passwall
   724 | D:2      | Learned a level 3 spell: Mephitic Cloud
   739 | D:2      | Reached skill level 1 in Fighting
   739 | D:2      | Reached skill level 1 in Short Blades
   739 | D:2      | Reached skill level 1 in Long Blades
   739 | D:2      | Reached skill level 1 in Axes
   739 | D:2      | Reached skill level 1 in Maces & Flails
   739 | D:2      | Reached skill level 1 in Polearms
   739 | D:2      | Reached skill level 1 in Staves
   739 | D:2      | Reached skill level 1 in Ranged Weapons
   739 | D:2      | Reached skill level 1 in Throwing
   739 | D:2      | Reached skill level 1 in Armour
   739 | D:2      | Reached skill level 1 in Shields
   739 | D:2      | Reached skill level 1 in Unarmed Combat
   739 | D:2      | Reached skill level 1 in Evocations
   814 | D:2      | Reached XP level 4. HP: 30/32 MP: 11/11
   889 | D:2      | Found a bloodstained altar of Trog.
   957 | D:2      | Noticed Robin
   962 | D:2      | Reached skill level 1 in Conjurations
   962 | D:2      | Reached skill level 1 in Hexes
   962 | D:2      | Reached skill level 1 in Summonings
   962 | D:2      | Reached skill level 1 in Necromancy
   962 | D:2      | Reached skill level 1 in Translocations
   962 | D:2      | Reached skill level 1 in Fire Magic
   962 | D:2      | Reached skill level 1 in Ice Magic
   962 | D:2      | Reached skill level 1 in Air Magic
   962 | D:2      | Reached skill level 1 in Poison Magic
   965 | D:2      | Killed Robin
  1501 | D:3      | Found a faded altar of an unknown god.
  1774 | D:3      | Reached XP level 5. HP: 37/37 MP: 12/12
  2061 | D:4      | Noticed an ogre
  2068 | D:4      | Killed an ogre
  2075 | D:4      | Reached XP level 6. HP: 34/44 MP: 7/13
  2229 | D:4      | Reached skill level 5 in Dodging
  2245 | D:4      | Found a staircase to the Ecumenical Temple.
  2268 | Temple   | Entered the Ecumenical Temple
  2539 | Temple   | Became a worshipper of Warmaster Okawaru
  2577 | D:4      | Found a runed translucent door.
  2578 | D:4      | Noticed Crazy Yiuf
  2584 | D:4      | Killed Crazy Yiuf
  2674 | D:4      | Noticed Pikel
  2687 | D:4      | Killed Pikel
  2687 | D:4      | Reached * piety under Okawaru
  2687 | D:4      | Reached ** piety under Okawaru
  2688 | D:4      | Reached skill level 5 in Stealth
  2688 | D:4      | Reached XP level 7. HP: 18/51 MP: 14/15
  2853 | D:4      | Noticed Edmund
  2859 | D:4      | Killed Edmund
  2860 | D:4      | Reached XP level 8. HP: 53/58 MP: 10/16
  2973 | D:4      | Noticed Sigmund
  2977 | D:4      | Killed Sigmund
  3416 | D:4      | Noticed Menkaure
  3419 | D:4      | Killed Menkaure
  3624 | D:5      | Entered Level 5 of the Dungeon
  3683 | D:5      | Learned a level 1 spell: Magic Dart
  3687 | D:5      | Learned a level 3 spell: Ignite Poison
  3692 | D:5      | Learned a level 4 spell: Petrify
  3924 | D:5      | Reached *** piety under Okawaru
  4175 | D:5      | Reached XP level 9. HP: 65/65 MP: 14/18
  4499 | D:6      | Noticed Grinder
  4506 | D:6      | Killed Grinder
  4802 | D:6      | Found Bautwous's General Store.
  4834 | D:6      | Noticed Eustachio
  4841 | D:6      | Killed Eustachio
  4849 | D:6      | Reached **** piety under Okawaru
  5151 | D:7      | Reached skill level 5 in Invocations
  5530 | D:7      | Identified the +6 mace of Madegg {flame, Str+6 Int-3}
  6219 | D:8      | Identified the +4 ring mail "Edoiloxa" {rN+}
  6375 | D:8      | Reached skill level 5 in Fighting
  6375 | D:8      | Reached skill level 5 in Short Blades
  6375 | D:8      | Reached skill level 5 in Long Blades
  6375 | D:8      | Reached skill level 5 in Axes
  6375 | D:8      | Reached skill level 5 in Maces & Flails
  6375 | D:8      | Reached skill level 5 in Polearms
  6375 | D:8      | Reached skill level 5 in Staves
  6375 | D:8      | Reached skill level 5 in Ranged Weapons
  6375 | D:8      | Reached skill level 5 in Throwing
  6375 | D:8      | Reached skill level 5 in Armour
  6375 | D:8      | Reached skill level 5 in Shields
  6375 | D:8      | Reached skill level 5 in Unarmed Combat
  6375 | D:8      | Reached skill level 5 in Evocations
  6375 | D:8      | Reached XP level 10. HP: 74/74 MP: 20/20
  6620 | D:8      | Learned a level 3 spell: Spider Form
  6756 | D:8      | Noticed Prince Ribbit
  6762 | D:8      | Killed Prince Ribbit
  6997 | D:8      | Noticed Grum
  6997 | D:8      | Noticed Maurice
  7009 | D:8      | Reached skill level 5 in Transmutations
  7024 | D:8      | HP: 4/103 [something (4)]
  7025 | D:8      | Slain by Grum

Illustrated notes

Levels and vault maps discovered:
D:1:      amcnicky_arrival_single_pillar, layout_rooms
D:2:      layout_rooms, basic_altar, minmay_bisected, uniq_robin
D:3:      layout_loops_ring, hellmonk_ecumenical_altar_pennies_from_heaven,
          kennysheep_small_spiral
D:4:      layout_basic, minmay_temple_entry_hall, kennysheep_pointless_box,
          uniq_sigmund, uniq_crazy_yiuf_cottage, uniq_menkaure, uniq_pikel,
          uniq_edmund
D:5:      layout_gridville
D:6:      layout_rooms, serial_shops, nicolae_shop_hallway_plus,
          minmay_a_box_with_orc_wizards_in_it, uniq_grinder, uniq_eustachio
D:7:      layout_gridville, kennysheep_nondescript
D:8:      layout_basic, hangedman_decor_growths, uniq_prince_ribbit1, uniq_grum,
          uniq_maurice
Temple:   compressed_dpeg_triangle_lava_temple

Skill      XL: |  1  2  3  4  5  6  7  8  9 10 |
---------------+-------------------------------+-----
Transmutations | 2 3 4 5 |  5.0
Spellcasting   | 5 6 7 |  7.4
Invocations    | 1 2 3 4 5 |  5.9
Fighting       | 1 2 3 5 |  5.3
Short Blades   | 1 2 3 5 |  5.3
Long Blades    | 1 2 3 5 |  5.3
Axes           | 1 2 3 5 |  5.3
Maces & Flails | 1 2 3 5 |  5.3
Polearms       | 1 2 3 5 |  5.3
Staves         | 1 2 3 5 |  5.3
Ranged Weapons | 1 2 3 5 |  5.3
Throwing       | 1 2 3 5 |  5.3
Armour         | 1 2 3 5 |  5.3
Shields        | 1 2 3 5 |  5.3
Unarmed Combat | 1 2 3 5 |  5.3
Evocations     | 1 2 3 5 |  5.3
Conjurations   | 1 2 3 4 |  4.4
Hexes          | 1 2 3 4 |  4.4
Summonings     | 1 2 3 4 |  4.4
Necromancy     | 1 2 3 4 |  4.4
Translocations | 1 2 3 4 |  4.4
Fire Magic     | 1 2 3 4 |  4.4
Ice Magic      | 1 2 3 4 |  4.4
Air Magic      | 1 2 3 4 |  4.4
Poison Magic   | 1 2 3 4 |  4.4
Dodging        | 5 6 7 |  7.1
Stealth        | 5 6 |  6.9
Earth Magic    | 6 7 |  7.1

Action                   |  1- 3 |  4- 6 |  7- 9 | 10-12 || total
-------------------------+-------+-------+-------+-------++-------
Melee: Quarterstaff      |       |       |     7 |     2 ||     9
       Bite              |       |       |     1 |       ||     1
Throw: Dart              |       |     2 |       |       ||     2
 Cast: Sandblast         |    48 |    73 |    73 |    32 ||   226
       Stone Arrow       |       |    14 |    52 |    21 ||    87
       Mephitic Cloud    |       |       |       |     1 ||     1
       Ignite Poison     |       |       |       |     1 ||     1
       Petrify           |       |       |       |     1 ||     1
Invok: Heroism           |       |       |       |     1 ||     1
Evoke: Wand              |       |       |     5 |     2 ||     7
  Use: Potion            |       |     1 |       |     6 ||     7
       Scroll            |       |       |     2 |    12 ||    14
Armor: Robe              |     5 |       |       |       ||     5
       Acid dragon scale |       |    15 |    18 |     8 ||    41
       Skin              |       |       |       |     4 ||     4
Dodge: Dodged            |    20 |    26 |    28 |    46 ||   120

Table legend: (Time is in decaauts)
 A = Elapsed time spent in this place.
 B = Non-inter-level travel time spent in this place.
 C = Inter-level travel time spent in this place.
 D = Time resting spent in this place.
 E = Time spent auto-exploring this place.
 F = Levels seen in this place.
 G = Mean time per level.
                   A        B        C        D        E       F      G
               +--------+--------+--------+--------+--------+-----+--------+
         Total |   7135 |   6879 |    256 |    659 |   5015 |   9 |  792.8 |
       Dungeon |   6851 |   6619 |    232 |    659 |   4767 |   8 |  856.4 |
        Temple |    284 |    260 |     24 |      0 |    248 |   1 |  284.0 |
               +--------+--------+--------+--------+--------+-----+--------+

Top non-repeatable levels by time:
     D:4: 1363 daAuts
     D:7: 1059 daAuts
     D:5: 850 daAuts
     D:8: 840 daAuts
     D:3: 743 daAuts
     D:6: 695 daAuts
     D:2: 674 daAuts
     D:1: 624 daAuts
  Temple: 284 daAuts
